 Dungeon Crawl Stone Soup version 0.25.1-8-g42b30a86e7 (webtiles) character file.

Game seed: 1864982159127889180

378 Clowwww the Chopper (level 6, -4/53 HPs)
             Began as a Hill Orc Fighter on Dec 5, 2020.
             Slain by an ogre
             ... wielding a +0 giant club
              (15 damage)
             ... on level 4 of the Dungeon.
             The game lasted 00:07:06 (3484 turns).

Clowwww the Chopper (Hill Orc Fighter)              Turns: 3484, Time: 00:07:07

Health: -4/53      AC:  7    Str: 21    XL:     6   Next: 74%
Magic:  6/6        EV:  8    Int:  8    God:
Gold:   167        SH:  9    Dex: 10    Spells: 5/5 levels left

rFire    . . .     SeeInvis .   a - +0 war axe
rCold    . . .     Gourm    .   c - +0 kite shield
rNeg     . . .     Faith    .   b - +0 scale mail
rPois    .         Spirit   .   (no helmet)
rElec    .         Reflect  .   (no cloak)
rCorr    .         Harm     .   (no gloves)
MR       .....                  (no boots)
Stlth    ..........             (no amulet)
HPRegen  0.17/turn              (no ring)
MPRegen  0.10/turn              (no ring)

@: no status effects
A: no striking features
a: no special abilities


You were on level 4 of the Dungeon.
You were not hungry.

You visited 1 branch of the dungeon, and saw 4 of its levels.

You collected 167 gold pieces.

Inventory:

Hand Weapons
 a - a +0 war axe (weapon)
Armour
 b - a +0 scale mail (worn)
 c - a +0 kite shield (worn)
Jewellery
 g - an uncursed amulet of magic regeneration {unknown}
 k - an uncursed ring of fire {unknown}
 s - an uncursed ring of protection from cold {unknown}
Wands
 u - a wand of digging (6)
Scrolls
 e - a scroll of remove curse {unknown}
 h - a scroll of enchant weapon {unknown}
 i - 4 scrolls of identify {unknown}
 l - a scroll of teleportation {unknown}
 m - a scroll of blinking {unknown}
 r - a scroll of enchant armour {unknown}
Potions
 d - a potion of might
 j - a potion of haste {unknown}
 n - a potion of heal wounds
 o - 2 potions of curing {unknown}
 p - a potion of lignification {unknown}
 q - a potion of stabbing {unknown}
 t - a potion of brilliance {unknown}
 v - a potion of cancellation {unknown}
Comestibles
 f - 5 rations
 w - 9 chunks of flesh


   Skills:
 + Level 4.4 Fighting
 + Level 5.9 Axes
 + Level 4.8 Armour
 + Level 1.8 Dodging
 + Level 0.1 Stealth
 + Level 4.2 Shields


You had 5 spell levels left.
You didn't know any spells.
Your spell library was empty.

Dungeon Overview and Level Annotations

Branches:
Dungeon (4/15)
 Temple: D:4-7

Altars:


Message History

The troll shouts!
There is an escape hatch in the ceiling here.
Found a leather armour.
There is an escape hatch in the ceiling here.
You hit the ogre but do no damage.
The ogre hits you with a +0 giant club!!
An adder comes into view.
The adder hisses angrily.
You hit the troll.
The troll is lightly wounded.
You hit the ogre. The troll bites you but does no damage.
The troll claws you but does no damage. The troll closely misses you.
The ogre hits you with a +0 giant club! The troll bites you!
* * * LOW HITPOINT WARNING * * *
The troll claws you.
* * * LOW HITPOINT WARNING * * *
The troll claws you but does no damage.
There is a stone staircase leading up here.
The ogre hits you with a +0 giant club!
You die...

#.#
##.##.#.##.###..#
#.#
#.##...##.T#..##
#.#
#.##..####...##
#.# #.##..#
#...### #.#
#.##..# #.#S..###
#.# #.....#
#..###...# #.#
###.TS### #.##
###.# #.# #..O.##
#. #.# #.# #..@.#
#. #.. #.# #....#
.. #..
#.#####....# #..
#.....###.## ###
#####.###.#
#.....# #######


You could see a troll, an ogre and an adder.

Vanquished Creatures
  A howler monkey (D:4)
  An orc priest (D:3)
  Ijyb (D:3)
  Natasha (thrice) (D:2)
  2 orc wizards
  6 adders
  3 oozes
  An adder skeleton (D:2)
  A worm (D:2)
  A dart slug (D:1)
  A leopard gecko (D:3)
  9 orcs
  2 bat skeletons (D:2)
  A bat zombie (D:2)
  2 giant cockroaches
  9 goblins
  7 hobgoblins
  7 jackals
  6 kobolds
  A quokka (D:3)
  A ball python (D:1)
  12 bats
  4 frilled lizards
  A quokka zombie (D:2)
  2 rats
85 creatures vanquished.

Notes
Turn   | Place    | Note
-------+----------+-------------------------------------------
     0 | D:1      | Clowwww the Hill Orc Fighter began the quest for the Orb.
     0 | D:1      | Reached XP level 1. HP: 19/19 MP: 1/1
    77 | D:1      | Reached XP level 2. HP: 20/27 MP: 2/2
   399 | D:1      | Reached skill level 3 in Axes
   488 | D:1      | Reached XP level 3. HP: 31/33 MP: 3/3
   970 | D:2      | Reached XP level 4. HP: 34/40 MP: 4/4
  1056 | D:2      | Reached skill level 4 in Axes
  1245 | D:2      | Noticed Natasha
  1250 | D:2      | Killed Natasha
  1250 | D:2      | Reached skill level 1 in Dodging
  1547 | D:2      | Noticed Natasha
  1553 | D:2      | Killed Natasha
  1553 | D:2      | Reached XP level 5. HP: 36/46 MP: 5/5
  1758 | D:2      | Noticed Natasha
  1768 | D:2      | Killed Natasha
  2275 | D:3      | Reached skill level 5 in Axes
  2299 | D:3      | Reached XP level 6. HP: 22/52 MP: 6/6
  2736 | D:3      | Noticed Ijyb
  2768 | D:3      | Killed Ijyb
  3456 | D:4      | Noticed a troll
  3484 | D:4      | Slain by an ogre

Illustrated notes

Levels and vault maps discovered:
D:1:      mainiacjoe_arrival_reflecting_pool, layout_loops_ring,
          columned_hall_lemuel, st_stairs_8
D:2:      layout_basic, serial_undead, serial_undead_d, serial_undead_b,
          serial_undead_f, serial_undead_e, uniq_natasha
D:3:      layout_basic, serial_co_window_serial, co_window_corner_a,
          co_window_corner_a, co_window_paths_a, co_window_paths_a,
          co_window_corner_a, co_window_corner_cb, co_window_corner_b,
          co_window_corner_b, glass_columns_a, glass_columns_a, uniq_ijyb
D:4:      minmay_angry_zag, layout_rooms, nicolae_overflow_crystal_walls,
          minmay_temple_entry_glass, serial_shops, nicolae_shop_waterfront

Skill      XL: |  1  2  3  4  5 |
---------------+----------------+-----
Axes           | 3 4 5 |  5.9
Fighting       | 4 |  4.4
Dodging        | 1 |  1.8
Armour         | 4 |  4.8
Shields        | 4 |  4.2
Stealth        | |  0.1

Action                   |  1- 3 |  4- 6 || total
-------------------------+-------+-------++-------
Melee: War axe           |   118 |   164 ||   282
  Eat: Chunk             |       |     9 ||     9
Armor: Scale mail        |    90 |    65 ||   155
Dodge: Dodged            |    47 |    71 ||   118
Block: Kite shield       |    92 |    88 ||   180
